 Dungeon Crawl Stone Soup version 0.21.1-1-g345015fe64 (webtiles) character file.

41869 Henning the Severer (level 13, -3/118 HPs)
             Began as a Minotaur Berserker on June 15, 2018.
             Was the Champion of Trog.
             Killed by divine providence
             ... invoked by Saint Roka
              (8 damage)
             ... on level 2 of the Orcish Mines.
             The game lasted 01:03:29 (15274 turns).

Henning the Severer (Minotaur Berserker)           Turns: 15274, Time: 01:03:29

Health: -3/118     AC: 36    Str: 31    XL:     13   Next: 82%
Magic:  4/4        EV:  7    Int:  4    God:    Trog [******]
Gold:   1566       SH: 20    Dex: 11    Spells: 12/12 levels left

rFire    . . .     SeeInvis .   a - +6 war axe (antimagic)
rCold    + . .     Gourm    .   b - +0 large shield "Asasof" {rN++ rCorr}
rNeg     + + .     Faith    .   L - +8 crystal plate armour
rPois    .         Spirit   .   (helmet restricted)
rElec    .         Reflect  .   u - +0 cloak
rCorr    +         Harm     .   x - +2 pair of gloves
MR       +....                  y - +0 pair of boots
Stlth    ..........             q - amulet of regeneration
HPRegen  0.69/turn              z - ring of protection from cold
MPRegen  0.09/turn              W - ring of protection from magic

@: mighty, lethally poisoned (-3 -> -3), berserk cooldown, hasted and slowed
A: retaliatory headbutt, horns 2
a: Berserk, Trog's Hand, Brothers in Arms, Burn Spellbooks, Renounce Religion


You were on level 2 of the Orcish Mines.
You worshipped Trog.
Trog was exalted by your worship.
You were hungry.

You visited 2 branches of the dungeon, and saw 17 of its levels.
You also visited: Ossuary.

You collected 1566 gold pieces.

Inventory:

Hand Weapons
 a - a +6 antimagic war axe (weapon)
 S - a +1 war axe of freezing
Missiles
 N - a steel javelin (quivered)
 X - 6 poisoned javelins
Armour
 b - the +0 large shield "Asasof" (worn) {rN++ rCorr}
   (You acquired it on level 15 of the Dungeon)

   It greatly protects you from negative energy.
   It protects you from acid and corrosion.
 u - a +0 cloak (worn)
 x - a +2 pair of gloves (worn)
 y - a +0 pair of boots (worn)
 L - a +8 crystal plate armour (worn)
 U - +0 gold dragon scales
Jewellery
 p - an uncursed ring of stealth
 q - an amulet of regeneration (around neck)
 w - an uncursed ring of see invisible
 z - a ring of protection from cold (left hand)
 V - an uncursed ring of stealth
 W - a ring of protection from magic (right hand)
Wands
 i - a wand of scattershot (4)
 v - a wand of iceblast (6)
 I - a wand of digging (9)
 P - a wand of polymorph (19)
 Q - a wand of flame (76)
 Z - a wand of random effects (71)
Scrolls
 e - 3 scrolls of enchant weapon
 k - 5 scrolls of teleportation
 o - a scroll of immolation
 r - 3 scrolls of remove curse
 A - 3 scrolls of magic mapping
 B - a scroll of identify
Potions
 d - 9 potions of curing
 f - a potion of heal wounds
 g - 9 potions of lignification
 h - a potion of cancellation
 j - 2 potions of brilliance
 l - 3 potions of mutation
 m - 5 potions of might
 s - 2 potions of invisibility
 t - 4 potions of flight
 G - a potion of agility
 H - 2 potions of ambrosia
Comestibles
 c - 34 rations
 n - 8 chunks of flesh


   Skills:
 + Level 12.1 Fighting
 + Level 16.3 Axes
 + Level 1.0 Throwing
 + Level 12.4 Armour
 + Level 6.8 Dodging
 - Level 5.0 Stealth
 * Level 12.8 Shields


You had 12 spell levels left.
You didn't know any spells.

Dungeon Overview and Level Annotations

Branches:
Dungeon (15/15)            Temple (0/1) D:7            Lair (0/6) D:11
    Orc (2/2) D:10            Elf (0/3) Orc:2        Depths (0/5) D:15
 Vaults: D:13-14

Altars:
Cheibriados
Dithmenos
Elyvilon
Hepliaklqana
Qazlal
Ru
Zin
The Shining One
Beogh

Shops:
D:4 =   D:6 (   D:7 !   D:13 [:   Orc:2 (

Annotations:
D:13 Sonja
Orc:2 Saint Roka


Innate Abilities, Weirdness & Mutations

You reflexively headbutt those who attack you in melee.
You have a pair of horns on your head.


Message History

You feel sick.
Your troll rages.
Saint Roka hits your troll with a battleaxe!
Things that are here:
a tomahawk; a short sword; a chain mail
Okay, then.
You feel yourself speed up.
You feel sick.
Your troll bites Saint Roka but does no damage.
Your troll claws Saint Roka but does no damage.
Your troll barely misses Saint Roka.
Your troll bites Saint Roka but does no damage.
Your troll completely misses Saint Roka.
Your troll claws Saint Roka but does no damage.
Saint Roka hits your troll with a battleaxe!!
Your troll bites Saint Roka but does no damage.
Your troll claws Saint Roka!
Your troll completely misses Saint Roka.
Saint Roka mumbles some strange prayers to Beogh against you.
Beogh smites you!
You die...

......#...# ###
####......### ### #..
#.#.#......... # #..
..##..#...... #∩ #..
####.#.......#..
##.8##'###+##8.#....#.....^.
#..............'.8...#......
#_.....)8))))..†......#.....
#......)oT(@..(((8..........
##.8##)###)##8)#............
#.. #...####............ #..
#...# #............# #..
#...###............. ###
######....#........[
.........##.......)
...................
#..#.#....#........


You could see Saint Roka and a friendly troll (berserk).

Vanquished Creatures
  An orc warlord (D:12)
  A great orb of eyes (shapeshifter) (D:14)
  A yaktaur captain (D:15)
  A catoblepas (D:14)
  A hydra (D:15)
  4 centaur warriors
  A two-headed ogre (shapeshifter) (D:15)
  2 two-headed ogres
  Urug (Orc:1)
  An orc high priest (Orc:2)
  The ghost of Henning the Cleaver, a novice MiBe of Trog (D:6)
  A skeletal warrior (D:14)
  3 slime creatures (D:15)
  5 unseen horrors
  An orc knight (Orc:2)
  A deep elf mage (D:13)
  3 orc sorcerers
  A manticore (D:12)
  10 cyclopes
  Maurice (D:8)
  A centaur zombie (D:13)
  A gargoyle (D:11)
  A centaur skeleton (D:11)
  A yaktaur (D:15)
  A komodo dragon (D:11)
  A tengu conjurer (D:15)
  A harpy zombie (D:14)
  6 trolls
  A meliai (D:12)
  Grinder (D:6)
  A hornet (D:10)
  Prince Ribbit (D:7)
  2 shadows
  Sigmund (D:4)
  A water elemental (D:15)
  3 hippogriffs
  4 wraiths
  A vampire (D:12)
  2 wyverns
  11 yaks
  3 basilisks
  The ghost of Bapho the Changer, an amateur DrTm (D:3)
  4 hungry ghosts
  4 vampire mosquitoes (D:14)
  6 wargs
  2 soldier ants
  A water moccasin (shapeshifter) (D:13)
  2 acid dragons
  2 hell hounds (D:11)
  28 orc warriors
  7 sky beasts
  An ice beast (D:9)
  11 ogres
  3 phantoms
  A black bear (D:6)
  13 centaurs
  A crocodile (D:10)
  2 bullfrogs
  3 big kobolds
  Blork the orc (D:6)
  7 earth elementals (D:14)
  A water moccasin zombie (D:10)
  3 scorpions
  16 wights
  4 howler monkeys
  An electric eel (D:15)
  3 crimson imps
  A human zombie (Ossuary)
  3 jellies
  15 orc priests
  Crazy Yiuf (D:2)
  6 hounds
  31 orc wizards
  4 iguanas
  14 worker ants
  4 big kobold zombies (Ossuary)
  A hound zombie (D:11)
  3 mummies
  A worker ant zombie (D:7)
  A howler monkey skeleton (D:9)
  4 gnolls (D:4)
  12 adders
  A shadow imp (D:8)
  An ooze (D:6)
  An adder zombie (Ossuary)
  5 worms
  3 dart slugs
  6 leopard geckos
  101 orcs
  11 bats
  13 giant cockroaches
  4 goblins
  5 hobgoblins
  4 jackals
  7 quokkas
  4 frilled lizards
  2 goblin zombies (Ossuary)
  12 hobgoblin zombies (Ossuary)
  2 jackal zombies (Ossuary)
  15 kobolds
  6 kobold zombies
  8 orc zombies
  6 rats
  3 rat zombies (Ossuary)
535 creatures vanquished.

Vanquished Creatures (collateral kills)
  2 wraiths (D:11)
  A basilisk (D:11)
3 creatures vanquished.

Vanquished Creatures (others)
  Erolcha (D:13)
  A shadow imp (D:13)
2 creatures vanquished.

Grand Total: 540 creatures vanquished

Notes
Turn   | Place    | Note
-------+----------+-------------------------------------------
     0 | D:1      | Henning the Minotaur Berserker began the quest for the Orb.
     0 | D:1      | Reached XP level 1. HP: 19/19 MP: 0/0
   179 | D:1      | Reached skill level 4 in Axes
   231 | D:1      | Reached XP level 2. HP: 27/27 MP: 1/1
   885 | D:2      | Reached XP level 3. HP: 30/33 MP: 2/2
   889 | D:2      | Reached ** piety under Trog
  1266 | D:2      | Reached XP level 4. HP: 39/41 MP: 3/3
  1424 | D:2      | Found a runed door.
  1797 | D:2      | Noticed Crazy Yiuf
  1805 | D:2      | Killed Crazy Yiuf
  1805 | D:2      | Reached skill level 1 in Stealth
  1865 | D:3      | Reached skill level 5 in Axes
  2005 | D:3      | Noticed Bapho's ghost (amateur DrTm)
  2110 | D:3      | Killed Bapho's ghost
  2110 | D:3      | Reached skill level 5 in Fighting
  2110 | D:3      | Reached XP level 5. HP: 48/48 MP: 4/4
  2204 | D:3      | Reached XP level 6. HP: 49/56 MP: 5/5
  2594 | D:4      | Reached skill level 6 in Axes
  2603 | D:4      | Reached *** piety under Trog
  2743 | D:4      | Noticed Sigmund
  2748 | D:4      | Reached XP level 7. HP: 61/61 MP: 6/6
  2758 | D:4      | Killed Sigmund
  2758 | D:4      | Reached skill level 7 in Axes
  2850 | D:4      | Found Syrryx's Jewellery Emporium.
  3059 | D:4      | Found a sand-covered staircase.
  3068 | Ossuary  | Entered an ossuary
  3140 | Ossuary  | Reached **** piety under Trog
  3255 | Ossuary  | Reached XP level 8. HP: 33/70 MP: 7/7
  3813 | D:5      | Entered Level 5 of the Dungeon
  3822 | D:5      | Reached skill level 8 in Axes
  3822 | D:5      | Reached skill level 5 in Armour
  3830 | D:5      | Reached skill level 1 in Shields
  3940 | D:5      | Found a sacrificial altar of Ru.
  4425 | D:5      | Found a shadowy altar of Dithmenos.
  5122 | D:6      | Found a stormy altar of Qazlal.
  5174 | D:6      | Found Eriwyero's Antique Weapon Emporium.
  5174 | D:6      | Noticed Blork the orc
  5184 | D:6      | Killed Blork the orc
  5321 | D:6      | Reached skill level 9 in Axes
  5710 | D:6      | Noticed Grinder
  5715 | D:6      | Killed Grinder
  5715 | D:6      | Reached skill level 5 in Dodging
  5715 | D:6      | Reached XP level 9. HP: 78/78 MP: 8/8
  5907 | D:6      | Noticed Henning's ghost (novice MiBe)
  5922 | D:6      | Killed Henning's ghost
  5922 | D:6      | Reached skill level 10 in Axes
  6146 | D:7      | Received a gift from Trog
  6288 | D:7      | Noticed Prince Ribbit
  6297 | D:7      | Killed Prince Ribbit
  6462 | D:7      | Reached skill level 5 in Shields
  6471 | D:7      | Found Hoop Voa's Distillery.
  6621 | D:7      | Found a staircase to the Ecumenical Temple.
  6761 | D:8      | Reached ***** piety under Trog
  6784 | D:8      | Reached XP level 10. HP: 75/86 MP: 9/9
  6792 | D:8      | Received a gift from Trog
  6795 | D:8      | Got a translucent broad axe {god gift}
  6811 | D:8      | Noticed a two-headed ogre
  6828 | D:8      | Killed a two-headed ogre
  6828 | D:8      | Reached skill level 11 in Axes
  7120 | D:8      | Reached skill level 1 in Throwing
  7159 | D:8      | Found a hazy altar of Hepliaklqana.
  7414 | D:8      | Noticed Maurice
  7446 | D:8      | Killed Maurice
  8006 | D:9      | Found a glowing silver altar of Zin.
  8007 | D:9      | Found a white marble altar of Elyvilon.
  8011 | D:9      | Found a glowing golden altar of the Shining One.
  8184 | D:9      | Reached skill level 5 in Stealth
  8486 | D:10     | Entered Level 10 of the Dungeon
  8559 | D:10     | Paralysed by a hornet for 1 turns
  8850 | D:10     | Reached skill level 12 in Axes
  9052 | D:10     | Found a staircase to the Orcish Mines.
  9378 | D:11     | Reached XP level 11. HP: 28/95 MP: 10/10
  9477 | D:11     | Received a gift from Trog
  9589 | D:11     | Found a staircase to the Lair.
 10231 | D:12     | Noticed a centaur warrior
 10236 | D:12     | Killed a centaur warrior
 10236 | D:12     | Reached skill level 13 in Axes
 10515 | D:12     | Identified the Almanac of Talismans and the Compass
 10539 | D:12     | Noticed an unseen horror
 10548 | D:12     | Killed an unseen horror
 10716 | D:12     | Reached skill level 10 in Armour
 10837 | D:12     | Noticed an unseen horror
 10845 | D:12     | Killed an unseen horror
 10961 | D:12     | Noticed an orc warlord
 10967 | D:12     | Noticed an orc sorcerer
 10987 | D:12     | Killed an orc warlord
 10987 | D:12     | Reached XP level 12. HP: 75/106 MP: 3/11
 10998 | D:12     | Reached skill level 14 in Axes
 11258 | D:12     | Reached skill level 10 in Fighting
 11327 | D:13     | Found Zufe's Book Shop.
 11365 | D:13     | Killed Erolcha
 11535 | D:13     | Found a snail-covered altar of Cheibriados.
 11541 | D:13     | Found Miorux's Armour Emporium.
 11772 | D:13     | Noticed Sonja
 11911 | D:14     | Received a gift from Trog
 11942 | D:14     | Noticed a great orb of eyes
 11955 | D:14     | Killed a great orb of eyes
 12169 | D:14     | Noticed a catoblepas
 12312 | D:14     | Reached skill level 15 in Axes
 12327 | D:14     | Found a glowing golden altar of the Shining One.
 12470 | D:14     | Noticed a centaur warrior
 12475 | D:14     | Killed a centaur warrior
 12614 | D:14     | Killed a catoblepas
 12626 | D:14     | Received a gift from Trog
 13033 | D:15     | Entered Level 15 of the Dungeon
 13049 | D:15     | Identified a scroll of acquirement
 13050 | D:15     | Got an encrusted large shield
 13061 | D:15     | Identified the +0 large shield "Asasof" {rN++ rCorr} (You acquired it on level 15 of the Dungeon)
 13088 | D:15     | Reached XP level 13. HP: 89/116 MP: 4/12
 13092 | D:15     | Reached skill level 10 in Shields
 13627 | D:15     | Reached skill level 16 in Axes
 13663 | D:15     | Found a staircase to the Depths.
 14210 | Orc:1    | Entered Level 1 of the Orcish Mines
 14339 | Orc:1    | Found a roughly hewn altar of Beogh.
 14419 | Orc:1    | Noticed Urug
 14426 | Orc:1    | Killed Urug
 14543 | Orc:1    | Received a gift from Trog
 14562 | Orc:1    | Reached ****** piety under Trog
 14851 | Orc:2    | Entered Level 2 of the Orcish Mines
 14857 | Orc:2    | Found a staircase to the Elven Halls.
 15148 | Orc:2    | Found a roughly hewn altar of Beogh.
 15232 | Orc:2    | Noticed Saint Roka
 15251 | Orc:2    | Found Hipsuthrosa's Antique Weapon Boutique.
 15256 | Orc:2    | Found a roughly hewn altar of Beogh.
 15258 | Orc:2    | Received a gift from Trog
 15271 | Orc:2    | HP: 4/118 [Saint Roka/battleaxe (11)]
 15274 | Orc:2    | Killed from afar by Saint Roka

Skill      XL: |  1  2  3  4  5  6  7  8  9 10 11 12 13 |
---------------+----------------------------------------+-----
Axes           | 4 5 6 7 9 10 12 13 15 16 | 16.3
Fighting       | 4 5 6 7 8 9 11 12 | 12.1
Dodging        | 3 4 5 6 |  6.8
Stealth        | 1 2 3 4 5 |  5.0
Armour         | 3 4 6 7 8 10 11 12 | 12.4
Shields        | 3 5 7 8 9 12 | 12.8
Throwing       | 1 |  1.0

Action                   |  1- 3 |  4- 6 |  7- 9 | 10-12 | 13-15 || total
-------------------------+-------+-------+-------+-------+-------++-------
Melee: Hand axe          |    77 |    94 |   446 |   116 |       ||   733
       Headbutt          |    14 |    22 |    94 |   151 |    82 ||   363
       War axe           |       |       |       |   574 |   311 ||   885
Throw: Javelin           |       |       |     5 |       |       ||     5
Invok: Berserk           |       |     2 |     4 |     6 |     2 ||    14
       Burn Spellbooks   |       |       |     1 |     2 |     1 ||     4
       Trog's Hand       |       |       |       |     3 |       ||     3
       Brothers in Arms  |       |       |       |     1 |     1 ||     2
  Use: Scroll            |       |       |       |    18 |    18 ||    36
       Potion            |       |       |       |       |     4 ||     4
 Stab: Sleeping          |     3 |     5 |    14 |     9 |       ||    31
       Invisible         |       |       |     1 |       |       ||     1
       Distracted        |       |       |       |     1 |       ||     1
       Confused          |       |       |       |       |     1 ||     1
  Eat: Chunk             |     1 |     7 |    17 |    25 |     8 ||    58
       Ration            |       |       |       |     2 |       ||     2
Armor: Animal skin       |    11 |       |       |       |       ||    11
       Ring mail         |     3 |    26 |   116 |    64 |       ||   209
       Gold dragon scale |       |       |       |    39 |       ||    39
       Crystal plate arm |       |       |       |   183 |   146 ||   329
Dodge: Dodged            |    62 |    69 |   114 |   154 |    28 ||   427
Block: Shield            |       |     1 |   143 |   297 |       ||   441
       Large shield      |       |       |       |     5 |   311 ||   316
